 Dungeon Crawl Stone Soup version 0.23-a0-644-gb60d84b (webtiles) character file.

176 zishaf the Poker (level 5, -1/41 HPs)
             Began as a Merfolk Gladiator on Jan 1, 2019.
             Was a Follower of Fedhas.
             Slain by an iguana (5 damage)
             ... on level 4 of the Dungeon.
             The game lasted 00:04:52 (3175 turns).

zishaf the Poker (Merfolk Gladiator)                Turns: 3175, Time: 00:04:52

Health: -1/41      AC:  8    Str: 15    XL:     5   Next: 56%
Magic:  5/5        EV: 12    Int:  8    God:    Fedhas [*.....]
Gold:   161        SH:  0    Dex: 15    Spells: 4/4 levels left

rFire    . . .     SeeInvis .   a - +0 trident
rCold    . . .     Gourm    .   (no shield)
rNeg     . . .     Faith    .   g - +0 scale mail
rPois    .         Spirit   .   c - +0 helmet
rElec    .         Reflect  .   (no cloak)
rCorr    .         Harm     .   (no gloves)
MR       .....                  l - +0 pair of boots
Stlth    ..........             e - amulet of magic regeneration
HPRegen  0.13/turn              (no ring)
MPRegen  0.34/turn              (no ring)

@: no status effects
A: change form in water, swift swim, stealthy swim
a: Fungal Bloom, Sunlight, Renounce Religion


You were on level 4 of the Dungeon.
You worshipped Fedhas.
Fedhas was aware of your devotion.
You were not hungry.

You visited 1 branch of the dungeon, and saw 4 of its levels.

You collected 161 gold pieces.

Inventory:

Hand Weapons
 a - a +0 trident (weapon)
Missiles
 d - 3 throwing nets (quivered) {!f}
 r - 14 poisoned needles
Armour
 c - a +0 helmet (worn)
 g - a +0 scale mail (worn)
 l - a +0 pair of boots (worn)
Jewellery
 e - an amulet of magic regeneration (around neck)
Scrolls
 b - 2 scrolls of random uselessness {unknown}
 h - a scroll of magic mapping {unknown}
 i - 4 scrolls of identify {unknown}
 j - 2 scrolls of fog {unknown}
 n - 2 scrolls of teleportation {unknown}
 q - a scroll of noise {unknown}
Potions
 k - a potion of might {unknown}
 m - 3 potions of heal wounds {unknown}
 o - a potion of cancellation {unknown}
 p - a potion of curing {unknown}
Comestibles
 f - 7 rations


   Skills:
 + Level 3.4 Fighting
 * Level 6.8 Polearms
 - Level 2.0 Throwing
 + Level 1.1 Armour
 - Level 5.0 Dodging


You had 4 spell levels left.
You didn't know any spells.
Your spell library was empty.

Dungeon Overview and Level Annotations

Branches:
Dungeon (4/15)
 Temple: D:4-7

Altars:
Fedhas
Sif Muna


Message History

The iguana is severely wounded.
The iguana bites you! The goblin misses you.
You are too injured to fight recklessly!
You hit the iguana.
The iguana is severely wounded.
The hobgoblin hits you with a +0 club.
* * * LOW HITPOINT WARNING * * *
The iguana closely misses you. The goblin misses you.
The hobgoblin barely misses you. The hobgoblin hits you with a +0 club.
* * * LOW HITPOINT WARNING * * *
You closely miss the iguana.
The iguana is heavily wounded.
The iguana bites you.
* * * LOW HITPOINT WARNING * * *
You hit the iguana but do no damage.
The iguana is heavily wounded.
The iguana bites you.
You die...
Fedhas appreciates your contribution to the ecosystem.

...#.....# #.#
...#.....# #.# ....
...#.....# #.# #...
...#.....# #.# ##..#
...#.....####.# #...#
.>.#..........# +.P.#
...#.....###..####...#
...#.....# ##...Pg(.#
## ...#.....#
#...@lg.#.%#
...#.....#
#.####.()..#
...#.....#
#.#..'..####
...#.....# #.#..#..'.
...#.....# ..####..#..
...#.....# ... ...####
...#.....# #... .....
...#.....# #.#. ...#.
...#.....# #. ..... .


You could see an iguana, a hobgoblin and a goblin.

Vanquished Creatures
  An iguana (D:4)
  5 adders
  An ooze (D:3)
  3 worms
  A dart slug (D:1)
  2 leopard geckos (D:1)
  6 orcs (D:3)
  3 ball pythons
  11 bats
  5 giant cockroaches
  8 goblins
  4 hobgoblins
  9 jackals (D:1)
  7 kobolds
  A quokka (D:2)
  2 frilled lizards
  7 rats
76 creatures vanquished.

Vanquished Creatures (others)
  27 toadstools
27 creatures vanquished.

Grand Total: 103 creatures vanquished

Notes
Turn   | Place    | Note
-------+----------+-------------------------------------------
     0 | D:1      | zishaf the Merfolk Gladiator began the quest for the Orb.
     0 | D:1      | Reached XP level 1. HP: 16/16 MP: 1/1
    58 | D:1      | Reached XP level 2. HP: 16/23 MP: 2/2
   219 | D:1      | Reached skill level 5 in Polearms
   515 | D:1      | Reached XP level 3. HP: 25/28 MP: 3/3
  1056 | D:2      | Found a blossoming altar of Fedhas.
  1619 | D:2      | Became a worshipper of Fedhas Madash
  1671 | D:2      | Reached XP level 4. HP: 34/34 MP: 4/4
  1806 | D:2      | Reached skill level 6 in Polearms
  2006 | D:3      | Reached * piety under Fedhas
  2299 | D:3      | Reached skill level 5 in Dodging
  2299 | D:3      | Reached XP level 5. HP: 41/41 MP: 5/5
  2379 | D:3      | Found a deep blue altar of Sif Muna.
  2741 | D:3      | Reached skill level 1 in Armour
  3175 | D:4      | Slain by an iguana

Vault maps used:
D:1:      dpeg_arrival_court, minmay_misc_feat_tower,
          chequers_serial_rivers_small_a
D:2:      lemuel_crystal_altar, first_ration
D:3:      lemuel_crystal_altar, serial_bayou_pond_a
D:4:      corexii_shack_village, minmay_temple_entry_stoned_glass,
          gup_sewer_entry_spiral, minmay_misc_feat_doors

Skill      XL: |  1  2  3  4  5 |
---------------+----------------+-----
Polearms       | 5 6 |  6.8
Fighting       | 3 |  3.4
Dodging        | 5 |  5.0
Armour         | 1 |  1.1
Throwing       | |  2.0

Action                   |  1- 3 |  4- 6 || total
-------------------------+-------+-------++-------
Melee: Trident           |   127 |   171 ||   298
Invok: Fungal Bloom      |       |    13 ||    13
  Eat: Chunk             |     2 |     4 ||     6
       Ration            |       |     1 ||     1
Armor: Leather armour    |    17 |       ||    17
       Scale mail        |     7 |    52 ||    59
Dodge: Dodged            |    82 |    92 ||   174

Table legend:
 A = Non-vault XP
 B = Vault XP
 C = Vault XP percentage of total XP
 D = Non-vault monster count
 E = Vault monster count
 F = Vault count percentage of total count
                 A         B        C        D         E       F
            +---------+---------+-------+---------+---------+-------
      Total |     248 |       4 |   1.6 |      74 |       2 |   2.6
            +---------+---------+-------+---------+---------+-------
        D:1 |      45 |       0 |   0.0 |      22 |       0 |   0.0
        D:2 |      71 |       0 |   0.0 |      26 |       0 |   0.0
        D:3 |      96 |       0 |   0.0 |      25 |       0 |   0.0
        D:4 |      36 |       4 |  10.0 |       1 |       2 |  66.7
            +---------+---------+-------+---------+---------+-------
